 Dungeon Crawl Stone Soup version 0.20.0-7-g3b7b877 (webtiles) character file.

13428 Chiseanne the Envoy of Void (level 11, -2/104 HPs)
             Began as a Deep Dwarf Abyssal Knight on May 29, 2017.
             Was a High Priest of Lugonu.
             Slain by an elephant (8 damage)
             ... on level 1 of the Lair of Beasts.
             The game lasted 00:47:07 (10955 turns).

Chiseanne the Envoy of Void (DDAK)                 Turns: 10955, Time: 00:47:07

Health: -2/104     AC: 15    Str: 21    XL:     11   Next: 75%
Magic:  0/0        EV: 16    Int: 13    God:    Lugonu [*****.]
Gold:   912        SH:  0    Dex: 15    Spells: 9/10 levels left

rFire    + + .     SeeInvis .   w - +5 hand crossbow of Capital Punishment {penet, *Corrode rF+ Str+5}
rCold    . . .     Gourm    .   (no shield)
rNeg     + . .     Faith    .   R - +2 scale mail {rF+}
rPois    +         Spirit   .   Q - +0 helmet
rElec    .         Reflect  .   y - +0 cloak
rCorr    .         Harm     .   (no gloves)
MR       +....                  q - +1 pair of boots
Stlth    ..........             (no amulet)
Regen    0.0/turn               b - ring of poison resistance
MPRegen  0.1/turn               g - ring of positive energy

@: non-regenerating
A: damage resistance, heal wounds, sense surroundings 2, no regeneration
a: Heal Wounds, Depart the Abyss, Bend Space, Banish, Corrupt, Enter the Abyss,
Renounce Religion


You were on level 1 of the Lair of Beasts.
You worshipped Lugonu.
Lugonu was extremely pleased with you.
You were not hungry.

You visited 3 branches of the dungeon, and saw 15 of its levels.
You visited the Abyss 1 time.

You collected 1027 gold pieces.
You spent 115 gold pieces at shops.

Inventory:

Hand Weapons
 a - a +2 hand axe of electrocution
 m - a +1 dagger of venom
 s - a +4 flail of freezing
 w - the +5 hand crossbow of Capital Punishment (weapon) {penet, *Corrode rF+ Str+5}
   (You found it on level 6 of the Dungeon)

   Ammo fired by it will pass through the targets it hits, potentially hitting
   all targets in its path until it reaches maximum range.
   It affects your strength (+5).
   It protects you from fire.
   It may corrode you when you take damage.
 Y - a +0 war axe
Missiles
 h - 110 sling bullets
 i - 275 arrows
 k - 53 bolts (quivered)
 n - 291 stones
 u - 37 poisoned needles
 x - 3 tomahawks
 S - 2 javelins
 T - 8 curare-tipped needles
 U - 2 throwing nets
Armour
 q - a +1 pair of boots (worn)
 y - a +0 cloak (worn)
 N - a +0 buckler
 Q - a +0 helmet (worn)
 R - a +2 scale mail of fire resistance (worn)
 X - a +0 shield
Magical Staves
 e - an uncursed staff of conjuration {unknown}
 I - an uncursed staff of poison {unknown}
 P - an uncursed staff of wizardry {unknown}
Jewellery
 b - a ring of poison resistance (left hand)
 g - a ring of positive energy (right hand)
 t - an uncursed ring of fire
 z - an uncursed ring of flight
Wands
 B - a wand of paralysis (12/24)
 K - a wand of enslavement (0/24)
 W - a wand of disintegration (6/24)
Scrolls
 o - 8 scrolls of teleportation
 A - a scroll of fog
 F - 2 scrolls of amnesia
 J - 2 scrolls of magic mapping
Potions
 l - 4 potions of resistance
 r - 4 potions of brilliance
 D - 2 potions of curing
 E - 4 potions of flight
 G - 2 potions of cancellation
 H - 2 potions of haste
 L - 2 potions of lignification {unknown}
 O - a potion of might {unknown}
Books
 p - a book of Cantrips

   Spells                             Type                      Level
   a - Confusing Touch                Hexes                        1
   b - Animate Skeleton               Necromancy                   1
   c - Summon Small Mammal            Summoning                    1
   d - Apportation                    Translocation                1
 v - a book of Maledictions

   Spells                             Type                      Level
   a - Corona                         Hexes                        1
   b - Ensorcelled Hibernation        Hexes/Ice                    2
   c - Confuse                        Hexes                        3
   d - Tukima's Dance                 Hexes                        3
   e - Dazzling Spray                 Conjuration/Hexes            3
 V - a book of Flames

   Spells                             Type                      Level
   a - Flame Tongue                   Conjuration/Fire             1
   b - Throw Flame                    Conjuration/Fire             2
   c - Conjure Flame                  Conjuration/Fire             3
   d - Inner Flame                    Hexes/Fire                   3
   e - Sticky Flame                   Conjuration/Fire             4
   f - Fireball                       Conjuration/Fire             5
Miscellaneous
 d - a box of beasts
Comestibles
 c - 12 bread rations
 f - 4 meat rations
 j - 4 fruits
 C - 6 royal jellies
 M - 7 chunks of flesh


   Skills:
 * Level 8.4 Fighting
 - Level 8.0 Axes
 * Level 5.3 Crossbows
 * Level 9.7 Armour
 * Level 9.4 Dodging
 - Level 10.4 Invocations
 * Level 4.0 Evocations


You had 9 spell levels left.
You knew the following spells:

 Your Spells              Type           Power        Failure   Level  Hunger
a - Apportation           Tloc           #.....       56%         1    ##.....


Dungeon Overview and Level Annotations

Branches:
Dungeon (12/15)            Temple (0/1) D:7            Lair (2/6) D:9
    Orc (1/2) D:9
  Swamp: Lair:2-4    Shoals: Lair:2-4     Snake: Lair:2-4    Spider: Lair:2-4

Altars:
Cheibriados
Gozag
Nemelex Xobeh
Okawaru
Qazlal
Vehumet
Yredelemnul
The Shining One

Shops:
D:5 (   D:6 %   D:9 =?}

Annotations:
D:10 exclusion: 2 doors
Abyss:1 Psyche


Innate Abilities, Weirdness & Mutations

You are resistant to damage.
You can heal yourself by infusing magical energy.
You passively map the area around you.
You do not regenerate.


Message History

You stumble backwards!
The elephant closely misses you. The elephant barely misses you.
Some of the chunks of flesh in your inventory have rotted away.
There is a staircase back to the Dungeon, spattered with blood here.
Firing (i - inventory. (,) - cycle):
k - 55 bolts (quivered)
Press: ? - help, Shift-Dir - straight line, f - elephant
Aim: an elephant (lightly wounded)
You shoot a bolt. The bolt pierces through the elephant!
The elephant is moderately wounded.
The elephant tramples you but does no damage.
The elephant trunk-slaps you but does no damage.
Firing (i - inventory. (,) - cycle):
k - 54 bolts (quivered)
Press: ? - help, Shift-Dir - straight line, f/p - elephant
Aim: an elephant (moderately wounded)
You shoot a bolt. The bolt pierces through the elephant.
The elephant is moderately wounded.
The bolt pierces through the elephant.
The elephant is lightly wounded.
The elephant tramples you!
You die...

* , * ### * ###.# ## *
##.... #.## #..... #..#
*,, ##..... #@# *
..###.....# ###Y##
#........## #.#..#
#.......♣ ####..#####
##♣#♣♣.♣♣
###....YP#..##.# ♣♣.♣♣
*#...........##.# #.## ♣
*#.#......Y...##.##.#.#♣
♣
*........(.....#...#♣♣.♣♣
##.....###......## ###.##


You could see 3 elephants.

Vanquished Creatures
  A two-headed ogre (D:11)
  Pikel (D:8)
  An elephant (Lair:1)
  A manticore (D:11)
  2 centaur zombies
  A spiny frog (Lair:1)
  2 trolls (Orc:1)
  Grinder (D:3)
  A hornet (D:11)
  4 blink frogs (Lair:1)
  Sigmund (D:3)
  A water elemental (D:11)
  A spriggan (D:7)
  A wyvern (D:8)
  2 hungry ghosts (D:10)
  5 wargs
  4 water moccasins
  3 sky beasts
  8 orc warriors
  A black bear (D:9)
  An ice beast (D:10)
  4 phantoms
  2 slaves (D:8)
  8 ogres
  5 centaurs
  2 crocodiles
  A big kobold (D:10)
  4 bullfrogs
  2 gnoll sergeants
  A wyvern zombie (D:7)
  4 scorpions
  A water moccasin skeleton (D:11)
  7 wights (D:10)
  2 spriggan skeletons (D:10)
  2 crimson imps
  2 bullfrog zombies
  A quasit (D:5)
  3 hounds
  2 jellies
  7 orc priests
  Crazy Yiuf (D:3)
  2 centaur skeletons
  4 gnoll shamans (D:5)
  An iguana (D:4)
  11 orc wizards
  A bullfrog skeleton (D:11)
  Jessica (D:3)
  10 worker ants
  A killer bee zombie (D:7)
  2 hound zombies (D:5)
  2 hound skeletons
  4 worker ant zombies
  11 adders
  59 gnolls
  2 shadow imps
  An ooze (D:5)
  3 worms
  2 dart slugs (D:3)
  7 leopard geckos
  63 orcs
  6 giant cockroaches
  5 goblins
  10 hobgoblins
  28 jackals
  16 kobolds
  2 quokkas
  A ball python (D:1)
  6 bats
  5 frilled lizards
  A leopard gecko skeleton (D:9)
  3 leopard gecko zombies
  8 rats
  A fungus (D:3)
383 creatures vanquished.

Vanquished Creatures (others)
  A two-headed ogre (D:8)
  2 ugly things (D:11)
  A hungry ghost (D:11)
  2 orc warriors
  A big kobold (D:8)
  A leopard gecko (D:8)
  A kobold (D:8)
9 creatures vanquished.

Grand Total: 392 creatures vanquished

Notes
Turn   | Place    | Note
-------+----------+-------------------------------------------
     0 | Abyss:1  | Chiseanne the Deep Dwarf Abyssal Knight began the quest for the Orb.
     0 | Abyss:1  | Reached XP level 1. HP: 20/20 MP: 2/2
    13 | Abyss:1  | Found a corrupted altar of Lugonu.
    29 | Abyss:1  | Noticed a large abomination
    35 | Abyss:1  | Noticed a small abomination
    53 | Abyss:1  | Noticed a raiju
    54 | D:1      | Escaped the Abyss
   173 | D:1      | Reached * piety under Lugonu
   244 | D:1      | Reached XP level 2. HP: 24/27 MP: 3/3
   520 | D:1      | Reached XP level 3. HP: 32/33 MP: 4/4
   896 | D:2      | Reached ** piety under Lugonu
  1050 | D:2      | Learned a level 1 spell: Apportation
  1060 | D:2      | Reached XP level 4. HP: 23/42 MP: 5/5
  1553 | D:3      | Noticed Grinder
  1575 | D:3      | Paralysed by Grinder for 3 turns
  1584 | D:3      | Killed Grinder
  1584 | D:3      | Reached skill level 3 in Invocations
  1584 | D:3      | Reached XP level 5. HP: 32/49 MP: 7/7
  1584 | D:3      | Reached XP level 6. HP: 36/56 MP: 8/8
  1691 | D:3      | Noticed Jessica
  1693 | D:3      | Killed Jessica
  1693 | D:3      | Reached skill level 4 in Invocations
  1831 | D:3      | Noticed Sigmund
  1857 | D:3      | Killed Sigmund
  1857 | D:3      | Reached XP level 7. HP: 44/63 MP: 10/10
  2204 | D:3      | Found a runed door.
  2208 | D:3      | Noticed Crazy Yiuf
  2210 | D:3      | Killed Crazy Yiuf
  2313 | D:3      | Found a snail-covered altar of Cheibriados.
  2313 | D:3      | Found a basalt altar of Yredelemnul.
  2321 | D:3      | Found an iron altar of Okawaru.
  2323 | D:3      | Found a sparkling altar of Nemelex Xobeh.
  2325 | D:3      | Found a stormy altar of Qazlal.
  2513 | D:4      | Reached *** piety under Lugonu
  2672 | D:4      | Reached skill level 5 in Invocations
  2738 | D:4      | Got a jacinth-encrusted leather armour
  3016 | D:5      | Entered Level 5 of the Dungeon
  3058 | D:4      | Reached skill level 5 in Armour
  3185 | D:5      | Found Ocegy's Antique Weapon Boutique.
  3213 | D:5      | Reached skill level 5 in Axes
  3213 | D:5      | Reached XP level 8. HP: 34/73 MP: 11/11
  3265 | D:5      | Reached skill level 6 in Invocations
  3351 | D:5      | Reached skill level 5 in Dodging
  3426 | D:5      | Reached skill level 5 in Fighting
  3569 | D:5      | Reached **** piety under Lugonu
  3881 | D:5      | Gained mutation: You passively map the area around you. [Deep Dwarf growth]
  3881 | D:5      | Reached XP level 9. HP: 51/81 MP: 11/11
  4174 | D:5      | Reached skill level 7 in Invocations
  4344 | D:5      | Found a radiant altar of Vehumet.
  4379 | D:6      | Got a slimy hand crossbow
  4502 | D:6      | Found Jack's Food Shoppe.
  4589 | D:6      | Reached ***** piety under Lugonu
  5269 | D:7      | Found a basalt altar of Yredelemnul.
  5326 | D:7      | Reached skill level 8 in Invocations
  5392 | D:7      | Found a staircase to the Ecumenical Temple.
  5880 | D:8      | Found a glowing golden altar of the Shining One.
  6014 | D:8      | Noticed Psyche
  6062 | D:8      | Found an opulent altar of Gozag.
  6063 | D:8      | Noticed Pikel
  6083 | D:8      | Killed Pikel
  6092 | D:8      | Reached XP level 10. HP: 62/91 MP: 10/10
  6111 | D:8      | Noticed a two-headed ogre
  6190 | D:8      | Banished a two-headed ogre
  6208 | D:8      | Banished Psyche
  6221 | D:8      | Reached skill level 9 in Invocations
  6687 | D:9      | Found Xadics's Gadget Emporium.
  6727 | D:9      | Found a staircase to the Lair.
  6733 | D:9      | Found a staircase to the Orcish Mines.
  7065 | D:9      | Found Rachyff's Jewellery Boutique.
  7077 | D:9      | Bought a cursed amulet of inaccuracy for 24 gold pieces
  7123 | D:9      | Found Seon's Magic Scroll Boutique.
  7131 | D:9      | Bought a scroll of identify for 26 gold pieces
  7131 | D:9      | Bought a scroll of identify for 26 gold pieces
  7131 | D:9      | Bought a scroll of remove curse for 39 gold pieces
  7134 | D:9      | Identified the +4 leather armour of the Fife {+Inv +Fly Str+2 Slay-6} (You found it on level 4 of the Dungeon)
  7160 | D:9      | Identified the +5 hand crossbow of Capital Punishment {penet, *Corrode rF+ Str+5} (You found it on level 6 of the Dungeon)
  7503 | D:10     | Entered Level 10 of the Dungeon
  7524 | D:10     | Reached skill level 1 in Crossbows
  8687 | D:11     | Reached XP level 11. HP: 80/100 MP: 7/7
  8688 | D:11     | Noticed a red ugly thing
  8689 | D:11     | Banished a red ugly thing
  9063 | D:11     | Noticed a two-headed ogre
  9072 | D:11     | Killed a two-headed ogre
  9072 | D:11     | Reached skill level 10 in Invocations
  9189 | D:11     | Paralysed by a hornet for 1 turns
  9243 | D:11     | Noticed a white ugly thing
  9243 | D:11     | Banished a white ugly thing
 10051 | D:12     | Noticed a purple ugly thing
 10141 | Orc:1    | Entered Level 1 of the Orcish Mines
 10211 | Orc:1    | Reached skill level 1 in Evocations
 10423 | Orc:1    | Noticed a stone giant
 10428 | Orc:1    | Noticed an orc warlord
 10502 | Lair:1   | Entered Level 1 of the Lair of Beasts
 10528 | Lair:1   | Reached skill level 5 in Crossbows
 10955 | Lair:1   | Slain by an elephant

Skill      XL: |  1  2  3  4  5  6  7  8  9 10 11 |
---------------+----------------------------------+-----
Fighting       | 3 4 5 6 7 8 |  8.4
Dodging        | 2 3 4 5 7 8 9 |  9.4
Armour         | 3 4 5 6 7 8 9 |  9.7
Axes           | 3 4 5 6 7 8 |  8.0
Invocations    | 3 4 5 6 8 9 10 | 10.4
Crossbows      | 3 5 |  5.3
Evocations     | 4 |  4.0

Action                   |  1- 3 |  4- 6 |  7- 9 | 10-12 || total
-------------------------+-------+-------+-------+-------++-------
Melee: Hand axe          |   135 |   119 |   720 |   496 ||  1470
       Flail             |       |       |       |    74 ||    74
 Fire: Hand crossbow     |       |       |       |   116 ||   116
Throw: Stone             |       |       |     2 |       ||     2
Invok: Depart the Abyss  |     1 |       |       |       ||     1
       Banish            |       |       |       |    12 ||    12
 Abil: Heal Wounds       |     2 |     2 |    20 |    30 ||    54
Evoke: Wand              |       |       |    19 |     4 ||    23
  Use: Scroll            |     6 |     8 |     9 |    11 ||    34
       Potion            |       |     3 |     1 |     6 ||    10
 Stab: Paralysed         |       |       |     3 |     5 ||     8
  Eat: Chunk             |     1 |     2 |    15 |    27 ||    45
       Fruit             |       |       |       |     3 ||     3
Armor: Ring mail         |    59 |    31 |       |       ||    90
       Scale mail        |       |       |   308 |   255 ||   563
Dodge: Dodged            |   100 |    74 |   465 |   408 ||  1047
